Map: [G8] Gresvan

Players

Clem

  • Race: Terran Terran
  • Spawn Location: 5:00

Solar - Winner!

  • Race: Zerg Zerg
  • Spawn Location: 11:00

Event: Gamers8 2023

VOD

Have the link to the VOD?

Description

Time

  • Played on: Aug. 3, 2023, 3:42 p.m.
  • Length: 17:11

All games in this series

Show
View Real Time Build Order
Export as new Build Order

Clem Terran 

Build Orders: Gas First Reaper Expand, Hellion Banshee 

Get SALT Encoding   

  12  0:00  SCV  
  13  0:12  SCV  
  14  0:16  Supply Depot  
  14  0:24  SCV  
  15  0:29  Refinery  
  15  0:38  SCV  
  16  0:43  Barracks  
  16  0:50  SCV  
  17  1:02  SCV  
  18  1:14  SCV  
  19  1:30  Reaper, Orbital Command  
  20  1:41  Command Center  
  20  1:48  Supply Depot  
  20  2:00  Factory  
  20  2:04  SCV  
  20  2:07  Barracks Reactor  
  21  2:15  Refinery  
  21  2:16  SCV  
  22  2:28  SCV  
  23  2:40  SCV  
  24  2:48  Starport  
  24  2:52  Hellion x2, SCV  
  24  2:54  Orbital Command  
  29  3:01  Barracks Tech Lab  
  29  3:05  SCV  
  30  3:13  Hellion x2  
  30  3:19  SCV  
  36  3:20  SCV  
  36  3:25  Supply Depot  
  36  3:33  SCV, Banshee  
  40  3:34  Cloaking Field  
  40  3:37  Hellion  
  41  3:42  SCV  
  41  3:44  Hellion  
  41  3:45  Barracks Tech Lab  
  44  3:50  Supply Depot  
  44  3:51  SCV  
  44  3:55  SCV  
  44  4:00  Hellion  
  46  4:03  SCV  
  46  4:04  Marine  
  46  4:05  Hellion  
  46  4:07  SCV  
  51  4:11  Stimpack  
  51  4:15  SCV  
  51  4:16  Banshee  
  55  4:19  Supply Depot  
  55  4:21  SCV  
  56  4:27  SCV  
  57  4:34  SCV  
  58  4:40  SCV  
  58  4:41  Command Center  
  59  4:46  SCV  
  59  4:48  Marine, Factory Reactor  
  59  4:50  Barracks  
  59  4:52  SCV  
  62  4:54  Barracks  
  62  4:57  Supply Depot  
  62  4:58  SCV  
  63  5:05  SCV  
  63  5:06  Marine  
  65  5:09  Engineering Bay  
  65  5:10  SCV  
  65  5:11  Starport Reactor, Engineering Bay  
  66  5:16  Supply Depot  
  66  5:17  SCV  
  66  5:20  Refinery  
  66  5:21  Refinery  
  67  5:22  SCV  
  67  5:24  Marine  
  69  5:29  SCV  
  69  5:34  SCV  
  71  5:41  SCV  
  72  5:44  Siege Tank  
  72  5:46  Terran Infantry Armor Level 1, Terran Infantry Weapons Level 1  
  72  5:47  Marine x2, SCV  
  72  5:49  Marine x3  
  81  5:53  SCV, Supply Depot  
  81  5:55  Medivac x2  
  86  5:59  SCV  
  87  6:04  Marine x2  
  87  6:05  SCV  
  87  6:06  Combat Shield  
  87  6:07  Marine x2  
  87  6:08  Supply Depot  
  87  6:09  Marine  
  93  6:11  SCV  
  93  6:14  Orbital Command  
  93  6:17  SCV  
  95  6:22  Marine  
  95  6:23  Siege Tank, SCV  
  100  6:28  Supply Depot  
  100  6:30  SCV, Armory  
  101  6:33  Marine  
  101  6:34  Marine x2  
  101  6:35  Marine, SCV  
  106  6:40  Marine, SCV  
  106  6:42  SCV  
  109  6:48  SCV  
  109  6:51  Barracks x2  
  109  6:52  SCV  
  109  6:53  Supply Depot  
  109  6:54  SCV  
  112  6:55  Marine  
  112  6:56  Marine x2  
  112  6:59  Supply Depot  
  112  7:00  Siege Tank  
  118  7:02  SCV  
  118  7:04  Medivac  
  118  7:07  Supply Depot  
  122  7:08  Medivac  
  122  7:10  SCV  
  122  7:15  Marine x5  
  129  7:21  Barracks  
  129  7:22  Barracks  
  129  7:24  Barracks  
  123  7:31  Supply Depot  
  123  7:32  Marine x4  
  123  7:36  Siege Tank, Supply Depot  
  65  7:37  Medivac  
  130  7:39  Marine  
  130  7:40  Refinery  
  130  7:41  Barracks Reactor x2  
  130  7:42  SCV x2  
  135  7:46  Supply Depot  
  135  7:50  Marine  
  136  7:53  Supply Depot  
  136  7:54  Medivac  
  136  7:55  Marine x3  
  141  8:01  Terran Infantry Weapons Level 2  
  141  8:12  Marine x2  
  130  8:14  Siege Tank  
  130  8:15  Medivac  
  130  8:16  Marine x2  
  130  8:19  Marine x7  
  122  8:20  Marine  
  123  8:29  Command Center  
  123  8:30  Marine x2  
  123  8:31  Medivac  
  123  8:32  Terran Vehicle Weapons Level 1  
  127  8:34  Marine x2  
  127  8:36  Marine x2  
  127  8:38  Marine  
  127  8:39  Marine x5  
  137  8:44  Refinery, Terran Infantry Armor Level 2  
  137  8:46  SCV  
  138  8:50  Marine, SCV  
  138  8:51  Marine  
  138  8:52  Siege Tank  
  138  8:53  SCV  
  138  8:55  Marine x2  
  146  8:56  Marine  
  146  8:57  Marine x3  
  146  8:58  SCV  
  146  9:01  Barracks Reactor  
  146  9:02  Barracks Reactor  
  152  9:03  Marine  
  152  9:04  Barracks Reactor  
  152  9:08  Marine  
  152  9:09  Marine  
  155  9:10  Supply Depot x2  
  155  9:13  Marine x2, Factory  
  155  9:16  Marine x2  
  159  9:17  Marine x2  
  159  9:24  Marine  
  162  9:28  Siege Tank  
  162  9:29  Marine x2  
  162  9:30  Medivac x2  
  162  9:31  Marine x2  
  170  9:33  Supply Depot  
  170  9:35  Marine  
  170  9:36  Supply Depot  
  171  9:39  Marine x7  
  171  9:41  Marine x2  
  171  9:42  Marine  
  181  9:49  Marine x2, Sensor Tower  
  181  9:50  Marine x2  
  183  9:53  Marine  
  183  9:56  Marine  
  183  9:57  Marine  
  183  9:58  Planetary Fortress  
  186  10:00  Siege Tank, Marine x3  
  186  10:03  Orbital Command  
  186  10:04  Marine x2  
  186  10:05  Marine x3  
  196  10:08  Marine, Factory Tech Lab  
  196  10:11  Marine  
  195  10:18  Marine x3  
  195  10:20  Marine  
  195  10:21  Marine  
  190  10:22  Marine  
  190  10:26  Marine  
  176  10:29  Marine  
  176  10:30  Marine x3  
  176  10:32  Siege Tank, Marine  
  183  10:36  Terran Infantry Weapons Level 3  
  183  10:37  Marine  
  183  10:38  Marine x2  
  186  10:43  Marine  
  187  10:50  Siege Tank  
  187  10:53  Marine  
  187  10:54  Marine  
  187  10:56  Marine x2  
  188  11:01  Marine x3  
  192  11:04  Siege Tank  
  192  11:07  Marine x3  
  192  11:08  Marine x2  
  193  11:11  Marine  
  193  11:18  Marine x6  
  195  11:27  Siege Tank  
  195  11:28  Marine  
  195  11:29  Marine x2  
  195  11:30  Marine x3  
  195  11:31  Marine x2  
  170  11:33  Marine  
  170  11:37  Siege Tank  
  170  11:38  Marine  
  170  11:39  Marine x3  
  176  11:40  Marine x2  
  176  11:41  Medivac x2  
  176  11:46  Marine x2  
  180  11:47  Marine  
  180  11:48  Marine x3  
  180  11:49  Marine x2  
  180  11:50  Marine  
  172  11:57  Marine x4  
  172  11:58  Marine  
  172  11:59  Siege Tank  
  165  12:04  Marine x3  
  165  12:05  Marine x2  
  170  12:11  Medivac  
  170  12:12  Siege Tank, Marine x5  
  170  12:15  Marine x4  
  157  12:16  Marine  
  157  12:21  Marine  
  162  12:25  Marine x2  
  162  12:27  Marine  
  162  12:28  Medivac, Marine  
  163  12:30  Marine x2  
  163  12:36  Marine x7  
  174  12:37  Marine  
  174  12:41  Marine  
  164  12:44  Marine x3  
  164  12:46  Marine  
  164  12:48  Marine x2  
  164  12:49  Siege Tank  
  164  12:50  Medivac  
  165  12:54  Marine x3  
  165  12:55  Marine  
  165  12:56  Marine  
  165  12:58  Marine x2  
  162  13:00  Siege Tank  
  162  13:03  SCV x2  
  162  13:04  SCV  
  162  13:05  SCV  
  170  13:10  Marine x2  
  170  13:12  Marine  
  171  13:14  Medivac  
  171  13:17  Marine  
  171  13:20  Marine  
  171  13:21  Siege Tank  
  171  13:22  Marine x3  
  171  13:23  Marine  
  171  13:24  Marine  
  171  13:26  Marine x2  
  168  13:36  Siege Tank, Marine x5  
  168  13:40  Marine  
  173  13:41  Marine  
  173  13:42  Marine x2  
  169  13:48  Marine  
  169  13:49  Marine x2  
  169  13:54  Siege Tank  
  172  13:58  SCV x2  
  172  14:01  Marine  
  175  14:03  Marine  
  175  14:05  Liberator x2  
  175  14:08  Siege Tank, Marauder  
  175  14:09  Marine x3  
  193  14:11  Marine  
  193  14:15  Marine  
  196  14:19  Marine  
  193  14:25  Barracks Tech Lab  
  193  14:26  Siege Tank, Barracks Tech Lab  
  193  14:27  Orbital Command, Barracks Tech Lab  
  193  14:30  Marine x7  
  197  14:33  Marine  
  197  14:37  Marine  
  158  14:45  Marine  
  158  14:46  Marine x2  
  158  14:48  Medivac, Marine x5  
  158  14:52  Marine  
  129  15:03  Marine x3  
  129  15:06  Marine  
  121  15:09  Marine x2  
  121  15:11  Orbital Command  
  116  15:21  Marine x3  
  114  15:23  Siege Tank  
  114  15:24  Marine  
  114  15:27  Marine x2  
  118  15:33  Siege Tank  
  121  15:36  Concussive Shells  
  121  15:37  SCV  
  121  15:40  Marauder  
  124  15:45  Marine  
  124  15:46  Marauder, Marine  
  128  15:51  Marauder, Marine  
  131  16:00  Marine  
  131  16:01  Siege Tank  
  131  16:03  Marine x2  
  137  16:07  Siege Tank, Marine  
  137  16:09  Marine  
  139  16:13  Marauder  
  139  16:15  Supply Depot  
  141  16:22  Marine x2  
  141  16:24  Marine  
  141  16:25  Marine  
  145  16:29  Marine  
  140  16:34  Marauder  
  142  16:40  Marine x2, Refinery  
  142  16:42  Marine  
  145  16:47  Marine x2  
Show
View Real Time Build Order
Export as new Build Order

Solar Zerg - Winner!

Build Orders: Hatch First, Lurkers 

Get SALT Encoding   

  12  0:00  Drone  
  13  0:12  Overlord  
  13  0:17  Drone  
  14  0:31  Drone  
  14  0:32  Drone  
  16  0:48  Hatchery  
  15  0:51  Drone  
  15  0:54  Drone  
  17  0:58  Drone  
  18  1:10  Extractor  
  17  1:13  Spawning Pool  
  17  1:16  Drone  
  17  1:20  Drone  
  18  1:28  Drone  
  19  1:39  Drone  
  20  1:50  Drone  
  21  2:00  Queen x2, Zergling x4  
  27  2:11  Overlord  
  27  2:12  Drone  
  28  2:23  Hatchery  
  28  2:24  Drone  
  28  2:30  Drone  
  28  2:36  Queen  
  31  2:41  Drone  
  32  2:45  Metabolic Boost  
  32  2:50  Overlord  
  32  2:52  Drone  
  32  2:53  Drone  
  32  2:55  Drone  
  32  2:57  Drone  
  36  3:10  Drone x5  
  41  3:14  Queen  
  41  3:19  Overlord  
  43  3:20  Drone  
  44  3:34  Queen  
  44  3:37  Evolution Chamber  
  44  3:41  Zergling x4  
  46  3:50  Drone x8  
  54  3:56  Queen  
  54  3:59  Overlord  
  54  4:01  Drone  
  57  4:03  Drone  
  57  4:07  Overlord  
  57  4:09  Overlord  
  58  4:17  Queen  
  58  4:18  Spore Crawler, Zergling x4  
  58  4:21  Zergling x4  
  63  4:25  Drone x4  
  63  4:29  Spore Crawler  
  63  4:30  Spore Crawler  
  65  4:32  Drone  
  65  4:33  Drone  
  65  4:34  Drone  
  65  4:35  Drone  
  69  4:39  Queen  
  69  4:42  Drone x2  
  69  4:44  Overlord  
  72  4:46  Drone  
  72  4:47  Drone  
  72  4:51  Lair  
  74  4:53  Extractor, Drone  
  74  4:54  Drone  
  74  4:55  Extractor  
  74  4:58  Queen  
  74  4:59  Drone  
  77  5:01  Drone x2  
  77  5:02  Drone  
  77  5:04  Drone  
  77  5:05  Drone  
  82  5:08  Drone  
  82  5:09  Baneling Nest  
  82  5:10  Drone x2  
  82  5:13  Zergling x4  
  86  5:15  Overlord  
  86  5:18  Drone x2  
  88  5:26  Drone  
  88  5:28  Overlord  
  89  5:32  Drone x2  
  89  5:35  Hatchery  
  88  5:37  Extractor, Drone  
  88  5:38  Extractor, Drone x2  
  88  5:40  Drone  
  88  5:41  Evolution Chamber  
  88  5:42  Drone x2  
  89  5:43  Drone  
  89  5:44  Evolution Chamber, Drone  
  89  5:46  Drone  
  89  5:47  Drone  
  89  5:48  Drone  
  93  5:50  Overseer  
  93  5:55  Centrifugal Hooks  
  93  6:00  Drone x4  
  93  6:02  Zergling x4  
  99  6:05  Zergling x4  
  99  6:06  Zergling x8  
  105  6:13  Zerg Ground Armor Level 1, Zerg Melee Weapons Level 1  
  105  6:16  Overlord x2  
  105  6:17  Overlord  
  105  6:20  Overlord  
  105  6:27  Overlord  
  105  6:29  Overlord  
  105  6:34  Baneling  
  105  6:35  Baneling x8  
  105  6:36  Baneling  
  105  6:37  Zergling x14  
  105  6:39  Zergling x2  
  113  6:40  Zergling x4  
  113  6:42  Zergling x2  
  113  6:44  Zergling x2  
  117  6:47  Baneling x2  
  117  6:49  Zergling x10  
  117  6:51  Spore Crawler  
  117  6:52  Zergling x2  
  117  6:54  Baneling x2  
  122  6:55  Zergling x2  
  122  6:59  Zergling x4  
  125  7:04  Baneling x2, Zergling x10  
  130  7:08  Drone  
  130  7:11  Overlord  
  130  7:14  Drone  
  130  7:15  Zergling x8  
  136  7:19  Baneling x3  
  136  7:21  Zergling x8  
  136  7:24  Hatchery, Zergling x4  
  131  7:30  Zergling x10  
  131  7:34  Baneling x2  
  136  7:37  Zergling x4  
  136  7:38  Baneling x2  
  136  7:39  Drone x2  
  136  7:40  Zergling x4  
  142  7:46  Baneling x2, Zergling x10  
  142  7:49  Overlord  
  142  7:51  Hydralisk Den  
  146  7:54  Zergling x4  
  148  8:01  Zergling x8  
  148  8:03  Queen  
  154  8:08  Zerg Melee Weapons Level 2, Zerg Ground Armor Level 2  
  154  8:09  Drone  
  154  8:10  Drone x8  
  146  8:13  Drone  
  146  8:16  Zergling x6  
  146  8:19  Drone  
  142  8:22  Infestation Pit  
  142  8:23  Extractor, Muscular Augments  
  142  8:24  Drone x2  
  142  8:25  Zergling x2  
  145  8:29  Zergling x8  
  145  8:31  Baneling x4  
  145  8:32  Overlord  
  145  8:34  Overlord  
  147  8:38  Hydralisk  
  148  8:42  Hydralisk x4  
  148  8:45  Baneling x2  
  148  8:46  Zergling x2  
  157  8:49  Extractor  
  157  8:50  Drone x4  
  157  8:53  Pneumatized Carapace  
  157  8:55  Zergling x12  
  164  8:58  Zergling x8, Spore Crawler  
  164  9:00  Hive  
  164  9:02  Overlord x2  
  168  9:04  Hydralisk  
  168  9:06  Zergling x6  
  168  9:09  Baneling x2  
  173  9:10  Zergling x4  
  173  9:13  Hydralisk  
  176  9:17  Hydralisk x2  
  176  9:19  Overlord  
  176  9:23  Zergling x2  
  177  9:28  Zergling x12  
  182  9:34  Baneling x3  
  182  9:35  Grooved Spines, Drone x2  
  182  9:37  Lurker Den, Drone x2  
  182  9:38  Hatchery  
  182  9:39  Zergling x14  
  182  9:41  Hydralisk  
  182  9:42  Hydralisk  
  182  9:45  Hydralisk  
  194  9:47  Hydralisk x2  
  196  9:56  Zergling x2  
  196  9:57  Zergling x6  
  200  10:02  Zergling x4  
  200  10:04  Hatchery  
  200  10:06  Zergling x2  
  199  10:10  Baneling x5  
  199  10:11  Overlord  
  199  10:12  Overseer x2  
  199  10:13  Overlord  
  198  10:14  Overlord  
  198  10:18  Viper  
  198  10:20  Overlord  
  193  10:22  Zergling x2  
  193  10:23  Zergling x16  
  193  10:26  Zergling x8  
  193  10:27  Adrenal Glands  
  188  10:32  Zerg Ground Armor Level 3, Zerg Missile Weapons Level 1  
  188  10:33  Zergling x6  
  190  10:38  Zergling x18  
  190  10:41  Baneling x6  
  190  10:42  Baneling  
  199  10:49  Zergling x2  
  194  10:57  Baneling x9  
  194  11:02  Zergling x12  
  198  11:07  Zergling x6  
  185  11:29  Zergling x44  
  168  11:39  Zergling x4  
  168  11:42  Baneling x9  
  168  11:45  Hydralisk x6  
  168  11:46  Zergling x10  
  176  11:48  Hydralisk x4  
  176  11:50  Overseer  
  176  11:52  Zergling x6  
  160  11:59  Hydralisk x3  
  151  12:01  Baneling  
  151  12:02  Queen x3  
  151  12:03  Zergling x6  
  159  12:09  Zergling x12  
  159  12:12  Zergling x6  
  157  12:15  Zergling x4  
  157  12:17  Zergling x6  
  157  12:19  Baneling x7  
  157  12:20  Overseer  
  157  12:22  Zergling x4  
  160  12:24  Zergling x4  
  160  12:28  Hydralisk x2  
  162  12:31  Baneling x6  
  162  12:32  Zergling x4  
  162  12:37  Zergling x4  
  155  12:42  Zergling x10  
  155  12:44  Zergling x6  
  150  12:45  Hydralisk x2  
  150  12:49  Zergling x4  
  150  12:50  Overseer  
  152  12:54  Zergling x4  
  152  12:56  Hydralisk  
  152  12:57  Hydralisk  
  144  12:58  Baneling x5  
  144  13:00  Zergling x4  
  144  13:02  Zergling x2  
  146  13:07  Zergling x12  
  146  13:08  Zergling x2  
  146  13:10  Zergling x4  
  146  13:11  Hatchery  
  146  13:12  Baneling x4  
  153  13:15  Zergling x6  
  153  13:17  Hydralisk  
  153  13:21  Zergling x2  
  153  13:22  Zergling x8  
  153  13:24  Zergling x4  
  153  13:26  Zergling x2  
  154  13:28  Lurker  
  154  13:29  Zergling x4  
  154  13:30  Lurker  
  154  13:31  Lurker  
  154  13:34  Seismic Spines  
  158  13:35  Zergling x4  
  158  13:37  Zergling x2  
  158  13:39  Baneling x5  
  158  13:40  Zergling x2  
  162  13:47  Zergling x6  
  154  13:49  Zergling x10  
  156  13:59  Lurker x6  
  156  14:01  Zergling x10  
  167  14:07  Zergling x4  
  166  14:10  Overseer  
  166  14:11  Zergling x2  
  166  14:12  Zergling x6  
  166  14:14  Hydralisk  
  172  14:18  Zergling x4  
  172  14:19  Zergling x4  
  172  14:21  Hydralisk  
  177  14:25  Zergling x6  
  177  14:26  Baneling x4  
  177  14:31  Adaptive Talons, Hydralisk x2  
  175  14:36  Zergling x10  
  174  14:39  Zergling x6  
  174  14:40  Zergling x2  
  174  14:43  Zergling x6  
  166  14:45  Hydralisk  
  166  14:49  Zergling x6  
  166  14:52  Hydralisk  
  163  15:04  Hydralisk x4  
  160  15:08  Viper  
  160  15:10  Zergling x12  
  160  15:12  Baneling x6  
  160  15:13  Zergling x2  
  162  15:16  Hydralisk  
  162  15:19  Zergling x4  
  162  15:22  Extractor  
  162  15:25  Baneling  
  162  15:26  Baneling x4, Zergling x6  
  159  15:31  Hatchery, Zergling x8  
  159  15:33  Extractor  
  159  15:35  Baneling x4  
  162  15:37  Zergling x2  
  162  15:38  Zergling x4  
  165  15:43  Zergling x8  
  165  15:47  Hydralisk x3  
  165  15:49  Zergling x2  
  173  15:51  Baneling x2  
  173  15:54  Zergling x2  
  171  15:59  Zergling x4  
  172  16:05  Hydralisk  
  168  16:14  Zergling x8  
  168  16:17  Baneling x4  
  172  16:22  Zergling x4  
  174  16:28  Zergling x6  
  174  16:31  Lurker  
  174  16:32  Lurker  
  177  16:33  Lurker  
  177  16:34  Lurker  
  177  16:38  Zergling x6  
  182  16:45  Zergling x10  
  180  16:48  Zergling x2  
  180  16:49  Zergling x2  
  180  16:52  Zergling x2  
Tags
 
Add a new tag
Caveats
  • Supply blocks, unpowered buildings, or Contaminate may cause inaccurate times.
  • Supply counts are checked every 10 seconds.